TOP OF THE 1ST |
Northern Virginia Rainbow Mermaids batting - Pitching for Charleston Battery : RHP Miguel Angel Martínez
|
Pitching: RHP Miguel Angel Martínez
|
|
Batting: RHB Colt Cabana
|
0-0: Ball 1-0: Foul Ball, location: 2F 1-1: Ball 2-1: Foul Ball, location: 2F 2-2: Foul Ball, location: 2F 2-2: Ground out 6-3 (Groundball, 6)
|
Batting: SHB Eustacio Tafalla
|
0-0: Ball 1-0: Ball 2-0: Swinging Strike 2-1: Ball 3-1: Foul Ball, location: 2F 3-2: Base on Balls
|
Batting: SHB Valentín Guzmán
|
0-0: Fly out, F8 (Flyball, 8RS)
|
Batting: LHB César Gómes
|
0-0: DOUBLE (Line Drive, 89XD) Eustacio Tafalla to third Runner from 3rd tries for Home, throw and OUT!
|
Top of the 1st over - 0 runs, 1 hit, 0 errors, 1 left on base; Northern Virginia 0 - Charleston 0 |
BOTTOM OF THE 1ST |
Charleston Battery batting - Pitching for Northern Virginia Rainbow Mermaids : LHP Noe Toepfer
|
Pitching: LHP Noe Toepfer
|
|
Batting: LHB Joey Coco
|
0-0: Fly out, F7 (Flyball, 7S)
|
Batting: RHB Mike Case
|
0-0: Called Strike 0-1: Fly out, F6 (Line Drive, 6)
|
Batting: RHB António Martínez
|
0-0: Called Strike 0-1: Ball 1-1: SOLO HOME RUN (Flyball, 89XD), Distance : 414 ft
|
Batting: LHB Spencer Powell
|
0-0: Ball 1-0: Ground out 1-3 (Groundball, 13)
|
Bottom of the 1st over - 1 run, 1 hit, 0 errors, 0 left on base; Northern Virginia 0 - Charleston 1 |
TOP OF THE 2ND |
Northern Virginia Rainbow Mermaids batting - Pitching for Charleston Battery : RHP Miguel Angel Martínez
|
Batting: LHB Rio Mence
|
0-0: Called Strike 0-1: Ball 1-1: Ball 2-1: Ball 3-1: Swinging Strike 3-2: Base on Balls
|
Batting: RHB Tony Calhoun
|
0-0: Ball 1-0: Foul Ball, location: 2F 1-1: Called Strike 1-2: Strikes out looking
|
Batting: RHB Ray Walker
|
Pickoff Throw to First - Out! 0-0: Ball 1-0: Foul Ball, location: 2F 1-1: Ball 2-1: Ball 3-1: Called Strike 3-2: Fly out, F8 (Flyball, 8RM)
|
Top of the 2nd over - 0 runs, 0 hits, 0 errors, 0 left on base; Northern Virginia 0 - Charleston 1 |
BOTTOM OF THE 2ND |
Charleston Battery batting - Pitching for Northern Virginia Rainbow Mermaids : LHP Noe Toepfer
|
Batting: RHB Paco Muńóz
|
0-0: Called Strike 0-1: Ball 1-1: Ball 2-1: Ball 3-1: Swinging Strike 3-2: Strikes out swinging
|
Batting: LHB Tural Bishara
|
0-0: Called Strike 0-1: Called Strike 0-2: Foul Ball, location: 2F 0-2: Fly out, F9 (Flyball, 9)
|
Batting: LHB Vicente Gonzáles
|
0-0: Ball 1-0: Foul Ball, location: 2F 1-1: Fly out, F1 (Line Drive, 15)
|
Bottom of the 2nd over - 0 runs, 0 hits, 0 errors, 0 left on base; Northern Virginia 0 - Charleston 1 |
TOP OF THE 3RD |
Northern Virginia Rainbow Mermaids batting - Pitching for Charleston Battery : RHP Miguel Angel Martínez
|
Batting: RHB Luis Yander La O
|
0-0: Ball 1-0: Ball 2-0: Called Strike 2-1: Ball 3-1: Base on Balls
|
Batting: RHB Tommy Socorro
|
0-0: Ball 1-0: Swinging Strike 1-1: SINGLE (Groundball, 6MD) Luis Yander La O to second
|
Batting: RHB Colt Cabana
|
0-0: SINGLE (Flyball, 4D) Luis Yander La O to third Tommy Socorro to second
|
Batting: SHB Eustacio Tafalla
|
0-0: Ball 1-0: Foul Ball, location: 2F 1-1: Foul Ball, location: 2F 1-2: Foul Ball, location: 2F 1-2: Foul Ball, location: 2F 1-2: Ball 2-2: SINGLE (Groundball, 6D) Luis Yander La O scores Tommy Socorro to third Colt Cabana to second
|
Batting: SHB Valentín Guzmán
|
0-0: Called Strike 0-1: Foul Ball, location: 2F 0-2: Foul Ball, location: 2F 0-2: Fly out, F7 (Flyball, 7LDF) Runner from 3rd tags up, SCORES, no throw
|
Batting: LHB César Gómes
|
0-0: Called Strike 0-1: Ball 1-1: Called Strike 1-2: Ball 2-2: Ball 3-2: Base on Balls Colt Cabana to third Eustacio Tafalla to second
|
Batting: LHB Rio Mence
|
0-0: Swinging Strike 0-1: Foul Ball, location: 2F 0-2: Ball 1-2: Grounds into double play, 6-4-3 (Groundball, 6)
|
Top of the 3rd over - 2 runs, 3 hits, 0 errors, 2 left on base; Northern Virginia 2 - Charleston 1 |
BOTTOM OF THE 3RD |
Charleston Battery batting - Pitching for Northern Virginia Rainbow Mermaids : LHP Noe Toepfer
|
Batting: RHB Jesús Ruano
|
0-0: Foul Ball, location: 2F 0-1: Foul Ball, location: 2F 0-2: Strikes out swinging
|
Batting: SHB Jasper Morrison
|
0-0: Foul Ball, location: 2F 0-1: Ball 1-1: Ball 2-1: Foul Ball, location: 2F 2-2: Ball 3-2: Strikes out swinging
|
Batting: LHB Joey Coco
|
0-0: Ball 1-0: Called Strike 1-1: Ball 2-1: Ball 3-1: SOLO HOME RUN (Flyball, 9LD), Distance : 486 ft
|
Batting: RHB Mike Case
|
0-0: Ball 1-0: Swinging Strike 1-1: Foul Ball, location: 2F 1-2: Strikes out looking
|
Bottom of the 3rd over - 1 run, 1 hit, 0 errors, 0 left on base; Northern Virginia 2 - Charleston 2 |
TOP OF THE 4TH |
Northern Virginia Rainbow Mermaids batting - Pitching for Charleston Battery : RHP Miguel Angel Martínez
|
Batting: RHB Tony Calhoun
|
0-0: SINGLE (Line Drive, 6MD)
|
Batting: RHB Ray Walker
|
0-0: Ball 1-0: Swinging Strike 1-1: Fielders Choice at 2nd, 4-6 (Groundball, 4)
|
Batting: RHB Luis Yander La O
|
0-0: Ball 1-0: Foul Ball, location: 2F 1-1: Ball 2-1: Called Strike 2-2: Ball 3-2: Ground out U3 (Groundball, 3S) Ray Walker to second
|
Batting: RHB Tommy Socorro
|
0-0: Called Strike 0-1: Ball 1-1: Reached on error, E6 (Groundball, 6M) Ray Walker to third
|
Batting: RHB Colt Cabana
|
0-0: Ball 1-0: Foul Ball, location: 2F 1-1: Called Strike 1-2: Ball 2-2: Strikes out swinging
|
Top of the 4th over - 0 runs, 1 hit, 1 error, 2 left on base; Northern Virginia 2 - Charleston 2 |
BOTTOM OF THE 4TH |
Charleston Battery batting - Pitching for Northern Virginia Rainbow Mermaids : LHP Noe Toepfer
|
Batting: RHB António Martínez
|
0-0: Foul Ball, location: 2F 0-1: Foul Ball, location: 2F 0-2: SINGLE (Line Drive, 8LS)
|
Batting: LHB Spencer Powell
|
0-0: Ground out 4-3 (Groundball, 34D) António Martínez to second
|
Batting: RHB Paco Muńóz
|
0-0: Fly out, F7 (Flyball, 7D)
|
Batting: LHB Tural Bishara
|
0-0: Ball 1-0: Ground out U3 (Groundball, 3)
|
Bottom of the 4th over - 0 runs, 1 hit, 0 errors, 1 left on base; Northern Virginia 2 - Charleston 2 |
TOP OF THE 5TH |
Northern Virginia Rainbow Mermaids batting - Pitching for Charleston Battery : RHP Miguel Angel Martínez
|
Batting: SHB Eustacio Tafalla
|
0-0: Called Strike 0-1: Ball 1-1: Swinging Strike 1-2: Ball 2-2: Foul Ball, location: 2F 2-2: Ball 3-2: Foul Ball, location: 2F 3-2: DOUBLE (Flyball, 8LXD)
|
Batting: SHB Valentín Guzmán
|
0-0: Intentional Walk
|
Batting: LHB César Gómes
|
0-0: Fly out, F5 (Popup, 56S)
|
Batting: LHB Rio Mence
|
0-0: Ball 1-0: Foul Ball, location: 2F 1-1: Fielders Choice at 2nd, 3-6 (Groundball, 34) Eustacio Tafalla to third
|
Batting: RHB Tony Calhoun
|
0-0: Ball 1-0: Foul Ball, location: 2F 1-1: Foul Ball, location: 2F 1-2: Ball 2-2: Strikes out looking
|
Top of the 5th over - 0 runs, 1 hit, 0 errors, 2 left on base; Northern Virginia 2 - Charleston 2 |
BOTTOM OF THE 5TH |
Charleston Battery batting - Pitching for Northern Virginia Rainbow Mermaids : LHP Noe Toepfer
|
Batting: LHB Vicente Gonzáles
|
0-0: Ball 1-0: Called Strike 1-1: Fly out, F8 (Flyball, 8LM)
|
Batting: RHB Jesús Ruano
|
0-0: Ball 1-0: Called Strike 1-1: Swinging Strike 1-2: Ball 2-2: Ball 3-2: Foul Ball, location: 2F 3-2: Fly out, F9 (Flyball, 9D)
|
Batting: SHB Jasper Morrison
|
0-0: Called Strike 0-1: Ball 1-1: Swinging Strike 1-2: Foul Ball, location: 2F 1-2: Ball 2-2: Foul Ball, location: 2F 2-2: Strikes out swinging
|
Bottom of the 5th over - 0 runs, 0 hits, 0 errors, 0 left on base; Northern Virginia 2 - Charleston 2 |
TOP OF THE 6TH |
Northern Virginia Rainbow Mermaids batting - Pitching for Charleston Battery : RHP Miguel Angel Martínez
|
Batting: RHB Ray Walker
|
0-0: Ball 1-0: Ground out 5-3 (Groundball, 56)
|
Batting: RHB Luis Yander La O
|
0-0: Ball 1-0: Swinging Strike 1-1: Swinging Strike 1-2: Ball 2-2: Foul Ball, location: 2F 2-2: Foul Ball, location: 2F 2-2: SINGLE (Line Drive, 7S)
|
Pitching: RHP Tsugahara Hori
|
|
Batting: RHB Tommy Socorro
|
0-0: Ground out 5-3 (Groundball, 56S) Luis Yander La O to second
|
Batting: RHB Colt Cabana
|
0-0: Ball 1-0: Foul Ball, location: 2F 1-1: Swinging Strike 1-2: Foul Ball, location: 2F 1-2: Ball 2-2: Strikes out swinging
|
Top of the 6th over - 0 runs, 1 hit, 0 errors, 1 left on base; Northern Virginia 2 - Charleston 2 |
BOTTOM OF THE 6TH |
Charleston Battery batting - Pitching for Northern Virginia Rainbow Mermaids : LHP Noe Toepfer
|
Batting: LHB Joey Coco
|
0-0: Called Strike 0-1: Ball 1-1: Ball 2-1: Swinging Strike 2-2: Foul Ball, location: 2F 2-2: Strikes out swinging
|
Batting: RHB Mike Case
|
0-0: Ball 1-0: Foul Ball, location: 2F 1-1: Ball 2-1: Ball 3-1: Ground out 4-3 (Groundball, 4)
|
Batting: RHB António Martínez
|
0-0: Foul Ball, location: 2F 0-1: Ball 1-1: Ground out 6-3 (Groundball, 6MS)
|
Bottom of the 6th over - 0 runs, 0 hits, 0 errors, 0 left on base; Northern Virginia 2 - Charleston 2 |
TOP OF THE 7TH |
Northern Virginia Rainbow Mermaids batting - Pitching for Charleston Battery : RHP Tsugahara Hori
|
Batting: SHB Eustacio Tafalla
|
0-0: Called Strike 0-1: Ball 1-1: Ground out 6-3 (Groundball, 6M)
|
Batting: SHB Valentín Guzmán
|
0-0: Ball 1-0: Called Strike 1-1: Fly out, F1 (Line Drive, 13)
|
Batting: LHB César Gómes
|
0-0: Fly out, F8 (Flyball, 89D)
|
Top of the 7th over - 0 runs, 0 hits, 0 errors, 0 left on base; Northern Virginia 2 - Charleston 2 |
BOTTOM OF THE 7TH |
Charleston Battery batting - Pitching for Northern Virginia Rainbow Mermaids : LHP Noe Toepfer
|
Batting: LHB Spencer Powell
|
0-0: Ground out 4-3 (Groundball, 4)
|
Batting: RHB Paco Muńóz
|
0-0: Ball 1-0: Foul Ball, location: 2F 1-1: Ball 2-1: Ground out 6-3 (Groundball, 6)
|
Batting: LHB Tural Bishara
|
0-0: Ball 1-0: Ball 2-0: Called Strike 2-1: Ball 3-1: SINGLE (Groundball, 6D)
|
Batting: LHB Vicente Gonzáles
|
0-0: Foul Ball, location: 2F 0-1: Called Strike Tural Bishara steals 2nd base 0-2: Ball 1-2: Ball 2-2: Strikes out swinging
|
Bottom of the 7th over - 0 runs, 1 hit, 0 errors, 1 left on base; Northern Virginia 2 - Charleston 2 |
TOP OF THE 8TH |
Northern Virginia Rainbow Mermaids batting - Pitching for Charleston Battery : RHP Tsugahara Hori
|
Batting: LHB Rio Mence
|
0-0: Called Strike 0-1: SINGLE (Line Drive, 8RS)
|
Pinch Runner at 1st Steven Rohrs:
|
|
Batting: RHB Tony Calhoun
|
0-0: Called Strike Steven Rohrs is caught stealing 2nd base 0-1: Foul Ball, location: 2F 0-2: Foul Ball, location: 2F 0-2: Strikes out swinging
|
Pinch Hitting: LHB José Rodríguez
|
0-0: Called Strike 0-1: Ball 1-1: Foul Ball, location: 2F 1-2: Foul Ball, location: 2F 1-2: Ball 2-2: Ball 3-2: Base on Balls
|
Pitching: LHP Rafael Rivera
|
|
Batting: RHB Luis Yander La O
|
0-0: SINGLE (Flyball, 9S) José Rodríguez to second Runner from 2nd tries for 3rd, OUT!
|
Top of the 8th over - 0 runs, 2 hits, 0 errors, 1 left on base; Northern Virginia 2 - Charleston 2 |
BOTTOM OF THE 8TH |
Charleston Battery batting - Pitching for Northern Virginia Rainbow Mermaids : LHP Noe Toepfer
|
Now in LF: Steven Rohrs
|
|
Now in RF: José Rodríguez
|
|
Batting: RHB Jesús Ruano
|
0-0: Ball 1-0: Ball 2-0: Ball 3-0: Base on Balls
|
Pitching: RHP Keith Johnson
|
|
Batting: SHB Jasper Morrison
|
0-0: Ball 1-0: Bunted foul 1-1: Bunted foul 1-2: Ball 2-2: Fielders Choice at 2nd, 6-4 (Groundball, 6)
|
Batting: LHB Joey Coco
|
Pickoff Throw to First - Out! 0-0: Called Strike 0-1: Ground out U3 (Groundball, 3)
|
Bottom of the 8th over - 0 runs, 0 hits, 0 errors, 0 left on base; Northern Virginia 2 - Charleston 2 |
TOP OF THE 9TH |
Northern Virginia Rainbow Mermaids batting - Pitching for Charleston Battery : LHP Rafael Rivera
|
Pitching: RHP Hiroaki Kouda
|
|
Batting: RHB Tommy Socorro
|
0-0: Fly out, F8 (Flyball, 89XD)
|
Batting: RHB Colt Cabana
|
0-0: Ball 1-0: Foul Ball, location: 2F 1-1: Called Strike 1-2: Strikes out swinging
|
Batting: SHB Eustacio Tafalla
|
0-0: Called Strike 0-1: Ball 1-1: Ball 2-1: Foul Ball, location: 2F 2-2: Foul Ball, location: 2F 2-2: Strikes out swinging
|
Top of the 9th over - 0 runs, 0 hits, 0 errors, 0 left on base; Northern Virginia 2 - Charleston 2 |
BOTTOM OF THE 9TH |
Charleston Battery batting - Pitching for Northern Virginia Rainbow Mermaids : RHP Keith Johnson
|
Pinch Hitting: LHB Datu Lesaca
|
0-0: Ball 1-0: Ball 2-0: Ball 3-0: Called Strike 3-1: Foul Ball, location: 2F 3-2: Foul Ball, location: 2F 3-2: Foul Ball, location: 2F 3-2: Foul Ball, location: 2F 3-2: SINGLE (Groundball, 4MD)
|
Batting: RHB António Martínez
|
0-0: Called Strike 0-1: Foul Ball, location: 2F 0-2: Ball 1-2: Strikes out swinging
|
Batting: LHB Spencer Powell
|
0-0: Called Strike 0-1: Fly out, F5 (Popup, 56S)
|
Batting: RHB Paco Muńóz
|
0-0: Called Strike 0-1: Ball 1-1: Fly out, F6 (Line Drive, 56)
|
Bottom of the 9th over - 0 runs, 1 hit, 0 errors, 1 left on base; Northern Virginia 2 - Charleston 2 |
TOP OF THE 10TH |
Northern Virginia Rainbow Mermaids batting - Pitching for Charleston Battery : RHP Hiroaki Kouda
|
Now at 2B: Steve Bock
|
|
Batting: SHB Valentín Guzmán
|
0-0: Swinging Strike 0-1: Called Strike 0-2: Ball 1-2: Ball 2-2: Strikes out swinging
|
Batting: LHB César Gómes
|
0-0: Swinging Strike 0-1: Foul Ball, location: 2F 0-2: Ground out 5-3 (Groundball, 56)
|
Batting: RHB Steven Rohrs
|
0-0: Called Strike 0-1: Ball 1-1: Ball 2-1: Ball 3-1: Called Strike 3-2: Strikes out swinging
|
Top of the 10th over - 0 runs, 0 hits, 0 errors, 0 left on base; Northern Virginia 2 - Charleston 2 |
BOTTOM OF THE 10TH |
Charleston Battery batting - Pitching for Northern Virginia Rainbow Mermaids : RHP Keith Johnson
|
Batting: LHB Tural Bishara
|
0-0: Called Strike 0-1: Ball 1-1: Ball 2-1: SINGLE (Line Drive, 4MD)
|
Batting: LHB Vicente Gonzáles
|
0-0: Sac Bunt - play at first, batter OUT! 5-4 Tural Bishara to second
|
Batting: RHB Jesús Ruano
|
0-0: Swinging Strike 0-1: Swinging Strike 0-2: Ball 1-2: Ball 2-2: Strikes out swinging
|
Batting: SHB Jasper Morrison
|
0-0: Called Strike 0-1: Ball 1-1: Ball 2-1: Fly out, F9 (Flyball, 89M)
|
Bottom of the 10th over - 0 runs, 1 hit, 0 errors, 1 left on base; Northern Virginia 2 - Charleston 2 |
TOP OF THE 11TH |
Northern Virginia Rainbow Mermaids batting - Pitching for Charleston Battery : RHP Hiroaki Kouda
|
Pitching: LHP Paco Salazar
|
|
Batting: RHB Tony Calhoun
|
0-0: Ground out 6-3 (Groundball, 6)
|
Pinch Hitting: RHB Eric Deweese
|
0-0: Ball 1-0: Ball 2-0: Ball 3-0: Swinging Strike 3-1: Swinging Strike 3-2: Ground out 5-3 (Groundball, 56)
|
Batting: RHB Luis Yander La O
|
0-0: Ball 1-0: Foul Ball, location: 2F 1-1: Called Strike 1-2: Strikes out swinging
|
Top of the 11th over - 0 runs, 0 hits, 0 errors, 0 left on base; Northern Virginia 2 - Charleston 2 |
BOTTOM OF THE 11TH |
Charleston Battery batting - Pitching for Northern Virginia Rainbow Mermaids : RHP Keith Johnson
|
Now in RF: Eric Deweese
|
|
Batting: LHB Joey Coco
|
0-0: Called Strike 0-1: Ball 1-1: Foul Ball, location: 2F 1-2: Foul Ball, location: 2F 1-2: SINGLE (Line Drive, 4D)
|
Batting: RHB Steve Bock
|
0-0: Ball 1-0: Bunt missed! 1-1: Ball 2-1: Ball 3-1: Bunt missed! 3-2: Foul Ball, location: 2F 3-2: Foul Ball, location: 2F 3-2: Strikes out looking
|
Pitching: LHP Alejandro Guerra
|
|
Batting: RHB António Martínez
|
0-0: DOUBLE (Line Drive, 7LS) Joey Coco to third Runner from 3rd tries for Home, SAFE, no throw
|
 |
Friday, July 19th, 2019 - OOTP Baseball 20.5 Build 52
|
|